Map: Colonisation EC

Players

Ugie - Winner!

  • Race: Protoss Protoss
  • League: Silver
  • Spawn Location: 11:00

zidar

  • Race: Zerg Zerg
  • League: Silver
  • Spawn Location: 7:00

VOD

Have the link to the VOD?

Description

Time

  • Played on: April 27, 2016, 12:03 a.m.
  • Length: 8:11
Show
View Real Time Build Order
Export as new Build Order

Ugie Protoss - Winner!

Build Orders:  

Get SALT Encoding   

  12  0:02  Probe (Chrono Boost)  
  13  0:12  Probe (Chrono Boost)  
  14  0:21  Pylon  
  14  0:23  Probe (Chrono Boost)  
  15  0:39  Probe (Chrono Boost)  
  15  0:41  Gateway  
  16  0:50  Probe (Chrono Boost)  
  16  0:51  Assimilator  
  17  1:00  Probe (Chrono Boost)  
  17  1:03  Pylon  
  18  1:11  Probe (Chrono Boost)  
  19  1:16  Pylon  
  19  1:27  Probe (Chrono Boost)  
  19  1:31  Zealot  
  22  1:36  Cybernetics Core  
  22  1:42  Assimilator  
  22  1:55  Probe (Chrono Boost)  
  23  2:07  Probe (Chrono Boost)  
  24  2:18  Adept  
  24  2:20  Mothership Core (Chrono Boost)  
  28  2:39  Gateway  
  28  2:42  Gateway  
  28  2:53  Nexus  
  28  2:56  Pylon  
  28  3:00  Probe (Chrono Boost)  
  29  3:06  Stalker  
  29  3:11  Warp Gate  
  31  3:15  Probe (Chrono Boost)  
  32  3:25  Pylon  
  32  3:28  Stalker  
  34  3:37  Stalker  
  34  3:39  Probe (Chrono Boost)  
  37  3:48  Stalker  
  39  3:54  Pylon  
  39  3:58  Probe (Chrono Boost)  
  40  4:04  Stalker  
  42  4:14  Forge  
  43  4:17  Probe (Chrono Boost)  
  43  4:19  Probe (Chrono Boost)  
  44  4:28  Stalker  
  46  4:38  Stalker  
  48  4:40  Probe (Chrono Boost)  
  48  4:43  Probe (Chrono Boost)  
  50  4:48  Stalker  
  52  4:53  Protoss Ground Weapons Level 1  
  52  5:06  Stalker, Twilight Council  
  54  5:11  Probe x2 (Chrono Boost)  
  56  5:19  Pylon  
  56  5:24  Probe x2 (Chrono Boost), Pylon  
  58  5:34  Gateway  
  58  5:37  Probe x2 (Chrono Boost)  
  60  6:06  Probe x2 (Chrono Boost)  
  62  6:13  Pylon  
  62  6:46  Stalker x2  
  66  6:57  Stalker  
  68  7:10  Pylon  
  46  7:32  Stalker x4  
  54  7:39  Dark Shrine  
  54  7:56  Stalker x4  
  59  8:09  Assimilator  
Show
View Real Time Build Order
Export as new Build Order

zidar Zerg 

Build Orders: Pool First 

Get SALT Encoding   

  12  0:01  Drone  
  13  0:10  Drone  
  14  0:18  Overlord  
  14  0:23  Extractor  
  14  0:24  Drone  
  15  0:36  Drone x2  
  17  0:46  Drone  
  18  0:52  Spawning Pool  
  17  1:44  Zergling x2  
  17  1:45  Zergling x2  
  19  1:47  Zergling x2  
  19  1:50  Queen  
  19  1:53  Hatchery  
  21  2:19  Extractor  
  20  2:27  Hatchery  
  19  2:39  Queen  
  20  2:52  Drone x2  
  22  3:05  Drone  
  22  3:28  Queen  
  24  3:38  Metabolic Boost  
  24  3:43  Extractor  
  24  3:46  Drone x3  
  24  3:47  Drone x5  
  31  4:05  Roach Warren  
  30  4:26  Drone x2  
  30  4:27  Drone  
  30  4:31  Overlord x2  
  33  4:32  Overlord  
  33  5:12  Roach  
  33  5:13  Roach x10  
  55  5:17  Overlord  
  55  5:41  Drone x2  
  55  5:42  Drone x8  
  63  5:58  Zergling x2  
  63  5:59  Zergling x4  
  66  6:15  Spine Crawler, Zergling x2  
  66  6:17  Spine Crawler, Zergling x2  
  66  6:19  Spine Crawler, Zergling x2  
  63  6:25  Zergling x4  
  63  6:26  Zergling x4  
  63  6:27  Zergling x2  
  63  6:29  Zergling x2  
  63  6:30  Zergling x2  
  63  6:31  Zergling x2  
  63  6:41  Overlord x2  
  63  6:42  Overlord  
  63  6:43  Overlord  
  61  7:00  Zergling x10  
  54  7:34  Roach x6  
  66  7:47  Overlord  
  66  7:48  Overlord  
Tags
 
Add a new tag
Caveats
  • Supply blocks, unpowered buildings, or Contaminate may cause inaccurate times.
  • Supply counts are checked every 10 seconds.